 Dungeon Crawl Stone Soup version 0.29.1-4-g47bece8355 (webtiles) character file.

Game seed: 11666896147667080178

640 GigaChad the Covered (level 7, 0/52 HPs)
             Began as a Djinni Cinder Acolyte on Dec 6, 2022.
             Was an Elder of Ignis.
             Slain by a gnoll bouda
             ... wielding a +0 whip
              (2 damage)
             ... on level 5 of the Dungeon.
             The game lasted 00:11:24 (5508 turns).

GigaChad the Covered (Djinni Cinder Acolyte)        Turns: 5508, Time: 00:11:24

Health: 0/52       AC: 14    Str: 15    XL:     7   Next: 80%
Gold:   230        EV:  5    Int: 21    God:    Ignis [****..] SH:  0 Dex: 17

rFire   + + +      SeeInvis .   B - +9 falchion "Falotra" {vorpal, rElec Dex+3}
rCold   x . .      Faith    .   (no shield)
rNeg    . . .      Spirit   .   l - +0 plate armour
rPois   ∞          Reflect  .   (no helmet)
rElec   +          Harm     .   v - +1 cloak
rCorr   .          Rampage  .   (no gloves)
Will    .....                   (boots unavailable)
Stlth   ..........              (no amulet)
HPRegen 0.17/turn               k - ring "Saykaz Puso" {rPois Int+5 Dex+6}
MPRegen 0.00/turn               (no ring)

@: about to teleport, flying
A: sickness immunity, fire resistance 2, cold vulnerability 1, float, innate
caster, HP casting, extra vitality 1
a: Renounce Religion, Fiery Armour, Foxfire Swarm, Rising Flame


You were on level 5 of the Dungeon.
You worshipped Ignis.
Ignis was greatly pleased with you.
You visited 2 branches of the dungeon, and saw 6 of its levels.

You collected 230 gold pieces.

Inventory:

Hand Weapons
 a - a -1 hand axe of flaming
 t - a +3 quarterstaff of chaos
 B - the +9 falchion "Falotra" (weapon) {vorpal, rElec Dex+3}
   (You found it on level 4 of the Dungeon)

   It inflicts extra damage upon your enemies.
   Dex:       It affects your dexterity (+3).
   rElec:     It insulates you from electricity.
Missiles
 c - 10 javelins (quivered)
Armour
 b - a +0 robe
 h - a +0 chain mail
 l - a +0 plate armour (worn)
 v - a +1 cloak (worn)
Magical Staves
 s - a staff of fire
Jewellery
 k - the ring "Saykaz Puso" (left hand) {rPois Int+5 Dex+6}
   (You acquired it on level 2 of the Dungeon)

   [ring of dexterity]

   Int:       It affects your intelligence (+5).
   Dex:       It affects your dexterity (+6).
   rPois:     It protects you from poison.
Wands
 q - a wand of flame (22)
Scrolls
 d - 2 scrolls of noise
 e - 2 scrolls of teleportation
 n - 4 scrolls of identify
 u - a scroll of amnesia
 y - a scroll of magic mapping {unknown}
 A - a scroll of fog {unknown}
Potions
 f - a potion of invisibility {unknown}
 g - a potion of brilliance {unknown}
 i - 4 potions of curing
 j - 4 potions of mutation {unknown}
 m - a potion of resistance {unknown}
 o - 4 potions of flight {unknown}
 p - a potion of degeneration {unknown}
 r - 3 potions of lignification {unknown}
 w - 2 potions of might {unknown}
 x - 3 potions of attraction {unknown}
 z - 2 potions of heal wounds {unknown}


   Skills:
 + Level 4.2 Fighting
 + Level 4.4 Axes
 * Level 5.0 Armour
 + Level 1.2 Dodging
 + Level 0.4 Stealth
 + Level 2.7 Spellcasting


You had 3 spell levels left.
You knew the following spells:

 Your Spells              Type           Power      Damage    Failure   Level
a - Scorch                Fire           28%        2d6       99%         2
b - Slow                  Hex            56%        N/A       96%         1
c - Searing Ray           Conj           28%        2d5       99%         2
d - Stone Arrow           Conj/Erth      28%        3d8       100%        3
Your spell library was empty.


Dungeon Overview and Level Annotations

Branches:
Dungeon (5/15)             Temple (1/1) D:4

Altars:
Cheibriados
Dithmenos
Fedhas
Gozag
Nemelex Xobeh
Qazlal
Ru
Trog
Wu Jian
Zin


Innate Abilities, Weirdness & Mutations

You are immune to sickness and miasma.
You are immune to poison.
Your flesh is very heat resistant. (rF++)
You are vulnerable to cold. (rC-)
You float through the air rather than walking.
You learn spells naturally, not from books.
Your magical power is your life essence.
You have superior vitality. (+4 MHP)


Message History

The hound barely misses you. The hound bites you but does no damage.
The dart slug barely misses you. The phantom hits you.
The phantom blinks!
You blink.
A dart slug, a gnoll bouda and 2 gnolls come into view.
Found a book of Death.
Found a stone staircase leading down.
The gnoll bouda shouts!
The gnoll shouts!
The gnoll bouda barks out a call to the hunt!
The gnolls pick up the pace!
The phantom hits you but does no damage.
A gnoll comes into view. It is wielding a +0 spear.
You closely miss the phantom.
The phantom is heavily damaged.
The gnoll shouts!
A gnoll comes into view. It is wielding a +0 club.
The phantom barely misses you.
A gnoll comes into view. It is wielding a +0 flail.
The dart slug launches a dart at you. The slug dart hits you.
The gnoll moves out of view.
The gnoll shouts!
You hit the phantom.
The phantom is severely damaged.
The hound bites you but does no damage. The phantom hits you.
The phantom blinks!
You blink.
Found a whip.
The gnoll closely misses you. The gnoll hits you with a +0 spear.
The gnoll hits you but does no damage.
You closely miss the gnoll.
The phantom hits you but does no damage.
The gnoll completely misses you. The gnoll hits you but does no damage.
The gnoll hits you with a +0 flail. The gnoll barely misses you.
The phantom hits you but does no damage.
The hound pauses to sniff the ground.
The gnoll hits you with a +0 spear. The gnoll hits you with a +0 club.
As you read the scroll of teleportation, it crumbles to dust.
You feel strangely unstable. The gnoll hits you with a +0 whip.
* * * LOW HITPOINT WARNING * * *
The gnoll hits you with a +0 flail!
* * * LOW HITPOINT WARNING * * *
The gnoll hits you from afar with a +0 spear.
* * * LOW HITPOINT WARNING * * *
The gnoll bouda hits you with a +0 whip.
You die...

.... .# .)....... ..#
#..# ##........
#..###.####........#
##.##....#...........
#.....#..............
.## #....#.......w...#
....#..#........W....###
#....†.<......g@g......
....####...w..hggg......
... ##.......g.>..... ..
#..§............ #
....................
...........###......
:..........# #.....
............. .....
...........#..


You could see a phantom, a gnoll bouda, a hound, 5 gnolls and 2 dart slugs.

Vanquished Creatures
  Sigmund (D:3)
  A necrophage (D:4)
  A scorpion (D:4)
  A hound (D:5)
  A jelly (D:4)
  Crazy Yiuf (D:3)
  2 orc wizards
  Robin (D:3)
  3 gnolls (D:4)
  9 adders
  2 ufetubi
  3 dart slugs
  18 orcs
  7 endoplasms
  6 giant cockroaches
  9 goblins
  6 hobgoblins
  A jackal (D:4)
  2 quokkas
  9 ball pythons
  6 bats
  4 frilled lizards
  2 kobolds (D:3)
  7 rats
103 creatures vanquished.

Vanquished Creatures (others)
  20 foxfires (D:3)
  3 fungi (D:3)
23 creatures vanquished.

Grand Total: 126 creatures vanquished

Notes
Turn   | Place    | Note
-------+----------+-------------------------------------------
     0 | D:1      | GigaChad the Djinni Cinder Acolyte began the quest for the
                  | Orb.
     0 | D:1      | GigaChad set off with the following spells memorised:
                  | Scorch.
     0 | D:1      | Reached XP level 1. HP: 20/20 MP: 0/0
   420 | D:1      | Reached XP level 2. HP: 22/25 MP: 0/0
  1531 | D:2      | Found a blossoming altar of Fedhas.
  1649 | D:2      | Identified a scroll of acquirement
  1649 | D:2      | Acquired the ring "Saykaz Puso" {rPois Int+5 Dex+6}
  1672 | D:2      | Reached XP level 3. HP: 24/30 MP: 0/0
  1672 | D:2      | Learned a level 1 spell: Slow
  2054 | D:2      | Reached skill level 1 in Armour
  2054 | D:2      | Reached XP level 4. HP: 30/35 MP: 0/0
  2614 | D:3      | Reached skill level 2 in Armour
  2617 | D:3      | Reached XP level 5. HP: 26/40 MP: 0/0
  2617 | D:3      | Learned a level 2 spell: Searing Ray
  2626 | D:3      | Noticed Robin
  2640 | D:3      | Killed Robin
  2951 | D:3      | Noticed Sigmund
  2966 | D:3      | Killed Sigmund
  2967 | D:3      | Reached skill level 3 in Armour
  2967 | D:3      | Reached skill level 1 in Dodging
  2967 | D:3      | Reached XP level 6. HP: 22/47 MP: 0/0
  3835 | D:3      | Found a runed translucent door.
  3836 | D:3      | Noticed Crazy Yiuf
  3854 | D:3      | Killed Crazy Yiuf
  3855 | D:3      | Reached skill level 4 in Armour
  3855 | D:3      | Reached XP level 7. HP: 16/51 MP: 0/0
  3855 | D:3      | Learned a level 3 spell: Stone Arrow
  4871 | D:4      | Identified the +9 falchion "Falotra" {vorpal, rElec Dex+3}
  5053 | D:4      | Found a staircase to the Ecumenical Temple.
  5062 | Temple   | Entered the Ecumenical Temple
  5487 | D:5      | Entered Level 5 of the Dungeon
  5497 | D:5      | Reached skill level 5 in Armour
  5508 | D:5      | HP: 2/52 [gnoll/+0 spear[a gnoll bouda] (3)]
  5508 | D:5      | Slain by a gnoll bouda

Illustrated notes

Levels and vault maps discovered:
D:1:      lemuel_arrival_tunnels, layout_basic, minmay_liquid_box
D:2:      layout_loops_cross, basic_altar
D:3:      layout_loops_ring, minmay_snake_closets, uniq_robin, uniq_sigmund,
          uniq_crazy_yiuf_cottage
D:4:      layout_loops_ring, minmay_temple_entry_poolview, dk_noncrumbling_2,
          minmay_surrounded
D:5:      layout_cave_pools
Temple:   nicolae_temple_figure_eight

Skill      XL: |  1  2  3  4  5  6  7 |
---------------+----------------------+-----
Axes           | 3 4 |  4.4
Armour         | 1 2 3 4 5 |  5.0
Dodging        | 1 |  1.2
Fighting       | 4 |  4.2
Stealth        | |  0.4
Spellcasting   | |  2.7

Action                   |  1- 3 |  4- 6 |  7- 9 || total
-------------------------+-------+-------+-------++-------
Melee: Hand axe          |    91 |   145 |   123 ||   359
       Punch             |     1 |     1 |     2 ||     4
       Falchion          |       |       |    20 ||    20
Invok: Foxfire Swarm     |       |     2 |       ||     2
       Fiery Armour      |       |     1 |       ||     1
  Use: Scroll            |     1 |     5 |     1 ||     7
Armor: Chain mail        |   117 |       |       ||   117
       Robe              |     2 |       |       ||     2
       Plate armour      |    12 |   119 |   136 ||   267
Dodge: Dodged            |    56 |    37 |    54 ||   147
